 Dungeon Crawl Stone Soup version 0.23.2-1-ga50397a (webtiles) character file.

Game seed: 12598556549894893547

115989 Borgoz the Severer (level 16, -1/107 HPs)
             Began as a Gargoyle Berserker on May 25, 2019.
             Was the Champion of Trog.
             Killed by divine providence
             ... invoked by Saint Roka
              (10 damage)
             ... on level 2 of the Orcish Mines.
             The game lasted 01:06:52 (24639 turns).

Borgoz the Severer (Gargoyle Berserker)            Turns: 24639, Time: 01:06:52

Health: -1/107     AC: 36    Str: 31    XL:     16   Next: 70%
Magic:  0/19       EV: 20    Int: 17    God:    Trog [******]
Gold:   2476       SH:  0    Dex: 14    Spells: 15/15 levels left

rFire    . . .     SeeInvis .   a - +6 battleaxe (elec)
rCold    . . .     Gourm    .   (shield currently unavailable)
rNeg     + + +     Faith    .   b - +5 ring mail "Decaef" {Int+7}
rPois    ∞         Spirit   +   P - +2 hat "Pitof" {-Cast rElec rN++}
rElec    +         Reflect  .   O - +2 cloak {MR+}
rCorr    .         Harm     .   Y - +2 pair of gloves {Str+3}
MR       ++...     NoCast   +   t - +1 pair of boots
Stlth    +.........             j - amulet of guardian spirit
HPRegen  0.27/turn              q - +3 ring of dexterity
MPRegen  0.16/turn              u - +4 ring of strength

@: berserk cooldown, flying, slowed, studying Fighting, very slow
A: big wings, negative energy resistance 1, electricity resistance, unbreathing,
petrification resistance, rot immunity, AC +12
a: Stop Flying, Berserk, Trog's Hand, Brothers in Arms, Renounce Religion


You were on level 2 of the Orcish Mines.
You worshipped Trog.
Trog was exalted by your worship.
You were very hungry.

You visited 4 branches of the dungeon, and saw 24 of its levels.
You also visited: Bailey, Gauntlet, Ice Cave and Volcano.

You collected 3325 gold pieces.
You spent 849 gold pieces at shops.

Inventory:

Hand Weapons
 a - a +6 battleaxe of electrocution (weapon)
 r - a +4 antimagic battleaxe
 T - a +0 executioner's axe of pain
Missiles
 x - a throwing net (quivered)
Armour
 b - the +5 ring mail "Decaef" (worn) {Int+7}
   (You found it on level 2 of the Lair of Beasts)

   It affects your intelligence (+7).
 t - a +1 pair of boots (worn)
 O - a +2 cloak of magic resistance (worn)
 P - the +2 hat "Pitof" (worn) {-Cast rElec rN++}
   (You found it in a Gauntlet)

   It insulates you from electricity.
   It greatly protects you from negative energy.
   It prevents spellcasting.
 Y - a +2 pair of gloves of strength (worn)
Jewellery
 h - an uncursed ring of protection from fire
 j - an amulet of guardian spirit (around neck)
 o - an uncursed ring of fire
 q - a +3 ring of dexterity (left hand)
 u - a +4 ring of strength (right hand)
 G - the ring of the Ancient Seas {Wiz rC++ Int+5}
   (You found it in a Gauntlet)

   [ring of wizardry]

   It improves your spell success rate.
   It affects your intelligence (+5).
   It greatly protects you from cold.
 H - the amulet "Japugiege" {Acrobat rF+ MR+}
   (You found it in an ice cave)

   [amulet of the acrobat]

   It helps you evade while moving and waiting.
   It protects you from fire.
   It affects your resistance to hostile enchantments.
 X - an uncursed amulet of regeneration
Wands
 A - a wand of digging (12)
 D - a wand of scattershot (6)
 F - a wand of paralysis (4)
 N - a wand of iceblast (15)
 U - a wand of disintegration (16)
 V - a wand of acid (16)
Scrolls
 d - 5 scrolls of identify
 i - 7 scrolls of teleportation
 l - 7 scrolls of remove curse
 p - a scroll of silence
 v - a scroll of enchant armour
 w - 2 scrolls of magic mapping
 y - 5 scrolls of fog
 z - 2 scrolls of enchant weapon
 E - a scroll of blinking
 M - 2 scrolls of fear
Potions
 e - 6 potions of haste
 f - 6 potions of invisibility
 g - 4 potions of resistance
 k - 2 potions of cancellation
 m - 4 potions of heal wounds
 n - 2 potions of might
 s - 3 potions of ambrosia
 B - 4 potions of agility
 C - 2 potions of lignification
 I - 11 potions of curing
Books
 Z - a manual of Fighting
Comestibles
 c - 47 rations


   Skills:
 + Level 14.9 Fighting
 * Level 15.1 Axes
 * Level 13.3 Armour
 * Level 13.9 Dodging
 - Level 2.0 Stealth
 - Level 5.0 Evocations


You had 15 spell levels left.
You didn't know any spells.
Your spell library was empty.

Dungeon Overview and Level Annotations

Branches:
Dungeon (15/15)            Temple (1/1) D:7            Lair (6/6) D:10
  Swamp (0/4) Lair:4       Spider (0/4) Lair:3        Slime (0/5) Lair:6
    Orc (2/2) D:11            Elf (0/3) Orc:2        Vaults (0/5) D:13
 Depths (0/5) D:15

Altars:
Ashenzari
Cheibriados
Dithmenos
Elyvilon
Fedhas
Gozag
Hepliaklqana
Kikubaaqudgha
Makhleb
Nemelex Xobeh
Okawaru
Qazlal
Ru
Sif Muna
Trog
Uskayaw
Vehumet
Wu Jian
Xom
Yredelemnul
Zin
The Shining One
Beogh
Jiyva

Shops:
D:6 :}   D:7 *   D:12 [   D:14 *   D:15 *   Orc:2 [%:

Annotations:
Orc:2 Saint Roka


Innate Abilities, Weirdness & Mutations

You are resistant to torment.
Your stone body is resilient. (AC +12)
You are immune to poison.
Your large and strong wings let you fly indefinitely.
You resist negative energy. (rN+)
You are resistant to electric shocks. (rElec)
You can survive without breathing.
You are immune to petrification.
You are immune to rotting.


Message History

You are exhausted.
You feel yourself slow down. Saint Roka completely misses you.
You barely miss Saint Roka.
Saint Roka is lightly wounded.
Saint Roka hits you with a +2 dire flail of crushing!
You closely miss Saint Roka.
Saint Roka is lightly wounded.
Saint Roka closely misses you.
You hit Saint Roka.
Saint Roka is lightly wounded.
Saint Roka mumbles some strange prayers to Beogh against you.
Beogh smites you!
* * * LOW HITPOINT WARNING * * *
Saint Roka hits you with a +2 dire flail of crushing!!
* * * LOW HITPOINT WARNING * * *
x2 You slice Saint Roka!!
Saint Roka is moderately wounded.
Saint Roka mumbles some strange prayers to Beogh against you.
Beogh smites you!
You die...

.....8.8.............###
.......).........#..####
...##')'##...........##.
# #..)))###..#.....##..
#8..)8# #.......##..
#####..[#####.#.........
#...#.))#...# #....>...<
#...'...'...# ##.#.....#
#...#.[@#...# #........#
#####.8o##### ##......##
#...# ##.....# .'...'
###....# ..#...# ......
####...# #.####. 8...8
#. #. ∩..... #. #.


You could see Saint Roka.

Vanquished Creatures
  A frost giant (IceCv)
  A fire giant (D:15)
  Nessos (D:13)
  A red draconian (Volcano)
  The ghost of Deed the Peltast, a journeyman MiFi of Wu Jian (Lair:3)
  A minotaur (Gauntlet)
  The ghost of RatmanManrat the Protected, a journeyman MiBe of Trog (D:13)
  Snorg (Lair:6)
  The ghost of myga the Cruncher, a journeyman GrIE of Ashenzari (Lair:6)
  Josephine (Orc:2)
  Harold (D:11)
  Fannar (Lair:3)
  9 hydras
  8 vault guards (D:13)
  5 catoblepae
  2 death knights
  Erica (Orc:1)
  4 centaur warriors
  5 two-headed ogres
  A tengu warrior (D:15)
  A dancing weapon (Lair:6)
  9 death yaks
  2 orc high priests (Orc:2)
  Sonja (D:13)
  Urug (Orc:1)
  A salamander mystic (Volcano)
  A deep elf knight (D:13)
  2 skeletal warriors
  3 unseen horrors
  A wizard (D:13)
  2 orc knights
  A necromancer (Gauntlet)
  2 wolf spider zombies
  3 orc sorcerers
  A phantasmal warrior (D:15)
  3 deep elf magi
  2 ugly things (D:13)
  4 manticores
  An oklob plant (Gauntlet)
  2 cyclopes (D:11)
  4 salamanders (Volcano)
  4 elephants (Lair:5)
  4 centaur zombies
  7 black mambas
  A torpor snail (Gauntlet)
  An ice statue (IceCv)
  2 molten gargoyles (Volcano)
  4 centaur skeletons
  4 gargoyles
  3 rime drakes
  13 spiny frogs
  A kobold demonologist (Bailey)
  5 komodo dragons
  A freezing wraith (D:15)
  A tengu conjurer (D:15)
  17 polar bears
  11 dream sheep
  7 trolls
  A tyrant leech (Lair:4)
  17 blink frogs
  5 slime creatures
  7 hippogriffs
  A spriggan (D:7)
  A vampire (D:14)
  A shadow (D:15)
  60 yaks
  Eustachio (D:5)
  2 fire bats (Volcano)
  A tarantella (Lair:3)
  6 wraiths
  2 steam dragons
  2 basilisks
  4 wyverns
  4 vampire mosquitoes (D:13)
  3 swamp worms (Lair:4)
  A soldier ant (D:11)
  4 acid dragons
  15 water moccasins
  2 hell hounds (Lair:3)
  34 orc warriors
  6 porcupines
  5 sky beasts
  2 black bears
  12 ice beasts
  An eye of draining (D:10)
  3 necrophages
  13 centaurs
  14 ogres
  22 wolves
  5 big kobolds
  15 crocodiles
  20 bullfrogs
  A wyvern zombie (D:9)
  A wyvern skeleton (D:11)
  3 scorpions
  10 killer bees
  10 wights
  8 howler monkeys
  3 electric eels (Bailey)
  6 crimson imps
  2 bullfrog zombies
  A quasit (D:8)
  4 hounds
  Crazy Yiuf (D:2)
  26 orc priests
  7 jellies
  6 bullfrog skeletons
  Terence (D:2)
  3 iguanas
  36 orc wizards
  6 worker ants
  A hound zombie (D:9)
  2 hound skeletons
  A howler monkey zombie (D:6)
  2 howler monkey skeletons
  4 worker ant zombies
  10 gnolls
  17 adders
  2 shadow imps
  2 oozes
  5 worms
  2 dart slugs
  7 leopard geckos
  132 orcs
  10 bats
  5 giant cockroaches
  13 goblins
  6 hobgoblins
  18 jackals
  4 quokkas
  4 ball pythons
  5 frilled lizards
  A jackal skeleton (D:6)
  28 kobolds
  13 rats
  A bush (Lair:4)
  3 fungi
  15 plants
920 creatures vanquished.

Vanquished Creatures (collateral kills)
  A fungus (Lair:1)
1 creature vanquished.

Vanquished Creatures (others)
  An unseen horror (D:13)
  A polar bear (IceCv)
  2 yaks (IceCv)
  5 wolves (IceCv)
  A centaur skeleton (D:8)
  11 demonic plants (Gauntlet)
  10 fungi
  A plant (Lair:6)
32 creatures vanquished.

Grand Total: 953 creatures vanquished

Notes
Turn   | Place    | Note
-------+----------+-------------------------------------------
     0 | D:1      | Borgoz the Gargoyle Berserker began the quest for the Orb.
     0 | D:1      | Reached XP level 1. HP: 14/14 MP: 1/1
    73 | D:1      | You fall through a shaft!
    79 | D:2      | Reached XP level 2. HP: 12/19 MP: 2/2
    87 | D:2      | Reached skill level 3 in Axes
   238 | D:2      | Reached XP level 3. HP: 20/23 MP: 3/3
   408 | D:2      | Found a hide-covered altar of Uskayaw.
   695 | D:1      | Reached XP level 4. HP: 29/29 MP: 4/4
   908 | D:1      | Reached ** piety under Trog
  1368 | D:2      | Noticed Terence
  1386 | D:2      | Killed Terence
  1507 | D:2      | Found a shadowy altar of Dithmenos.
  1535 | D:2      | Reached XP level 5. HP: 30/33 MP: 5/5
  1634 | D:2      | Found a runed translucent door.
  1635 | D:2      | Noticed Crazy Yiuf
  1644 | D:2      | Paralysed by Crazy Yiuf for 4 turns
  1650 | D:2      | Killed Crazy Yiuf
  2171 | D:3      | Found a stormy altar of Qazlal.
  2272 | D:3      | Reached skill level 4 in Axes
  2272 | D:3      | Reached XP level 6. HP: 28/38 MP: 6/6
  3300 | D:5      | Entered Level 5 of the Dungeon
  3302 | D:5      | Noticed Eustachio
  3325 | D:5      | Killed Eustachio
  3325 | D:5      | Reached XP level 7. HP: 44/44 MP: 7/7
  3478 | D:5      | Reached *** piety under Trog
  3509 | D:5      | Found a bloodstained altar of Trog.
  3630 | D:5      | Reached skill level 5 in Axes
  3890 | D:5      | Found a deep blue altar of Sif Muna.
  4149 | D:6      | Reached skill level 5 in Fighting
  4268 | D:6      | Found a sparkling altar of Nemelex Xobeh.
  4281 | D:6      | Reached XP level 8. HP: 49/49 MP: 8/8
  4939 | D:6      | Found Wodaanej's Gadget Boutique.
  4943 | D:6      | Found Cuptint's Book Emporium.
  4983 | D:6      | Reached skill level 5 in Dodging
  4987 | D:6      | Reached **** piety under Trog
  5194 | D:7      | Reached skill level 6 in Axes
  5232 | D:7      | Reached skill level 5 in Armour
  5272 | D:7      | Found a staircase to the Ecumenical Temple.
  5287 | Temple   | Entered the Ecumenical Temple
  5704 | D:7      | Found Figejen's Assorted Antiques.
  5722 | D:7      | Bought a warped dagger for 126 gold pieces
  5722 | D:7      | Identified the +0 dagger of the Abyss {pierce, Stlth+} (You
                  | bought it in a shop on level 7 of the Dungeon)
  5753 | D:7      | Reached XP level 9. HP: 50/55 MP: 9/9
  6108 | D:8      | Reached skill level 7 in Axes
  6353 | D:8      | Noticed a two-headed ogre
  6368 | D:8      | Killed a two-headed ogre
  6546 | D:8      | Reached XP level 10. HP: 63/63 MP: 10/10
  6803 | D:9      | Reached ***** piety under Trog
  6863 | D:9      | Found a hazy altar of Hepliaklqana.
  6895 | D:9      | Reached skill level 8 in Axes
  6898 | D:9      | Reached skill level 1 in Stealth
  6903 | D:9      | Reached skill level 1 in Evocations
  7800 | D:10     | Entered Level 10 of the Dungeon
  7904 | D:10     | Killed an unseen horror
  7904 | D:10     | Reached skill level 9 in Axes
  7915 | D:10     | Reached XP level 11. HP: 54/68 MP: 12/12
  7958 | D:10     | Received a gift from Trog
  8090 | D:10     | Killed an unseen horror
  8482 | D:10     | Found a staircase to the Lair.
  8653 | D:11     | Noticed a cyclops
  8658 | D:11     | Killed a cyclops
  8939 | D:11     | Noticed Harold
  8959 | D:11     | Killed Harold
  9007 | D:11     | Noticed a cyclops
  9024 | D:11     | Killed a cyclops
  9049 | D:11     | Received a gift from Trog
  9053 | D:11     | Found a staircase to the Orcish Mines.
  9494 | D:11     | Noticed a death knight
  9505 | D:11     | Killed a death knight
  9505 | D:11     | Reached skill level 10 in Axes
  9505 | D:11     | HP: 1/69 [mirror damage (14)]
  9949 | D:11     | Noticed a manticore
  9956 | D:11     | Killed a manticore
 10116 | D:12     | Found a flagged portal.
 10197 | D:12     | Found Perhoz's Armour Boutique.
 10245 | Bailey   | Entered a bailey
 10469 | Bailey   | Reached XP level 12. HP: 76/76 MP: 14/14
 10486 | Bailey   | Found an iron altar of Okawaru.
 10521 | Bailey   | Received a gift from Trog
 11560 | D:12     | Noticed a two-headed ogre
 11567 | D:12     | Killed a two-headed ogre
 12015 | D:13     | Found a gate leading to a gauntlet.
 12092 | Gauntlet | Entered a Gauntlet
 12092 | Gauntlet | Found a transporter.
 12092 | Gauntlet | Found a transporter.
 12092 | Gauntlet | Found a transporter.
 12093 | Gauntlet | Found a transporter.
 12097 | Gauntlet | Found a transporter.
 12116 | Gauntlet | Found a transporter.
 12136 | Gauntlet | Found a transporter.
 12167 | Gauntlet | Noticed a catoblepas
 12199 | Gauntlet | Found a transporter.
 12211 | Gauntlet | Found a transporter.
 12224 | Gauntlet | Found a transporter.
 12235 | Gauntlet | Noticed a catoblepas
 12240 | Gauntlet | Found a transporter.
 12292 | Gauntlet | Reached skill level 10 in Dodging
 12312 | Gauntlet | Got a faintly glowing silver ring
 12344 | Gauntlet | Reached skill level 11 in Axes
 12374 | Gauntlet | Identified the ring of the Ancient Seas {Wiz rC++ Int+5}
                  | (You found it in a Gauntlet)
 12388 | Gauntlet | Killed a catoblepas
 12407 | Gauntlet | Got a warped hat
 12466 | Gauntlet | Identified the +2 hat "Pitof" {-Cast rElec rN++} (You found
                  | it in a Gauntlet)
 12466 | Gauntlet | Found a transporter.
 12739 | Gauntlet | Noticed a minotaur
 12750 | Gauntlet | Killed a minotaur
 12750 | Gauntlet | Reached skill level 5 in Evocations
 12750 | Gauntlet | Reached XP level 13. HP: 82/82 MP: 14/16
 12869 | D:13     | Found a transporter.
 12871 | D:13     | Noticed RatmanManrat's ghost (journeyman MiBe)
 12881 | D:13     | Found a transporter.
 12899 | D:13     | Reached skill level 10 in Fighting
 12975 | D:13     | Killed RatmanManrat's ghost
 13281 | D:13     | Noticed a vault guard
 13282 | D:13     | Noticed a vault guard
 13286 | D:13     | Noticed a vault guard
 13294 | D:13     | Killed a vault guard
 13301 | D:13     | Noticed a vault guard
 13302 | D:13     | Killed a vault guard
 13305 | D:13     | Noticed a vault guard
 13307 | D:13     | Killed a vault guard
 13308 | D:13     | Noticed a vault guard
 13311 | D:13     | Noticed a vault guard
 13312 | D:13     | Killed a vault guard
 13319 | D:13     | Killed a vault guard
 13319 | D:13     | Reached skill level 10 in Armour
 13325 | D:13     | Killed a vault guard
 13326 | D:13     | Killed a vault guard
 13523 | D:13     | Found a gate to the Vaults.
 13540 | D:13     | Noticed a vault guard
 13552 | D:13     | Killed a vault guard
 13742 | D:13     | Noticed Sonja
 13750 | D:13     | Reached skill level 12 in Axes
 13844 | D:13     | Noticed Nessos
 13858 | D:13     | Received a gift from Trog
 13858 | D:13     | Gained mutation: Your large and strong wings let you fly
                  | indefinitely. [Gargoyle growth]
 13858 | D:13     | Reached XP level 14. HP: 65/88 MP: 15/17
 13871 | D:13     | Killed Nessos
 13883 | D:13     | Got a fine executioner's axe {god gift}
 13885 | D:13     | Identified the +5 executioner's axe of the Candle {chop,
                  | +Inv Str-4 Dex+4} (Trog gifted it to you on level 13 of the
                  | Dungeon)
 14142 | D:13     | Got a steaming falchion
 14143 | D:13     | Identified the +6 falchion "Arhoeg" {slice, rF+} (You found
                  | it on level 13 of the Dungeon)
 14233 | Lair:1   | Entered Level 1 of the Lair of Beasts
 15730 | Lair:3   | Found a runed translucent gate.
 15731 | Lair:3   | Found a runed translucent gate.
 15731 | Lair:3   | Found a runed translucent gate.
 15742 | Lair:3   | Noticed Deed's ghost (journeyman MiFi)
 15801 | Lair:3   | Found a frozen archway.
 15824 | IceCv    | Entered an ice cave
 15828 | IceCv    | Reached ****** piety under Trog
 15847 | IceCv    | Reached skill level 13 in Axes
 15851 | IceCv    | Received a gift from Trog
 16218 | IceCv    | Got a scorched ivory amulet
 16225 | IceCv    | Noticed a frost giant
 16242 | IceCv    | Killed a frost giant
 16346 | Lair:3   | Found a dark tunnel.
 16355 | Lair:3   | Identified the amulet "Japugiege" {Acrobat rF+ MR+} (You
                  | found it in an ice cave)
 16363 | Volcano  | Entered a volcano
 16419 | Volcano  | Found a bloodstained altar of Trog.
 16623 | Volcano  | Noticed a red draconian
 16633 | Volcano  | Killed a red draconian
 16633 | Volcano  | Reached XP level 15. HP: 89/97 MP: 18/18
 16856 | Lair:3   | Noticed Fannar
 16858 | Lair:3   | Found a hole to the Spider Nest.
 16874 | Lair:3   | Killed Fannar
 16992 | Lair:3   | Killed Deed's ghost
 17997 | Lair:2   | Got a bronze ring mail
 18008 | Lair:2   | Identified the +5 ring mail "Decaef" {Int+7} (You found it
                  | on level 2 of the Lair of Beasts)
 18150 | Lair:4   | Received a gift from Trog
 18471 | Lair:4   | Reached skill level 14 in Axes
 18503 | Lair:4   | You are sucked into a shaft for 2 floors!
 18503 | Lair:6   | Entered Level 6 of the Lair of Beasts
 18908 | Lair:6   | Found a runed translucent door.
 18908 | Lair:6   | Found a shimmering altar of Xom.
 18908 | Lair:6   | Noticed myga's ghost (journeyman GrIE)
 19032 | Lair:6   | Killed myga's ghost
 19035 | Lair:6   | Got a sparkling emerald amulet
 19304 | Lair:6   | Got a pitted hand crossbow
 19331 | Lair:6   | Received a gift from Trog
 19493 | Lair:6   | Noticed Snorg
 19500 | Lair:6   | Reached XP level 16. HP: 90/106 MP: 16/19
 19503 | Lair:6   | Killed Snorg
 19625 | Lair:6   | Found a staircase to the Slime Pits.
 19625 | Lair:6   | Found a viscous altar of Jiyva.
 20013 | Lair:5   | Identified the amulet "Qeitekhleahe" {Inacc rC- Str+5} (You
                  | found it on level 6 of the Lair of Beasts)
 20638 | Lair:4   | Found a staircase to the Swamp.
 21042 | Lair:1   | Identified the +7 hand crossbow "Ywobador" {velocity, rN+}
                  | (You found it on level 6 of the Lair of Beasts)
 21578 | D:13     | Killed Sonja
 21965 | D:14     | Received a gift from Trog
 22365 | D:14     | Found Samimam's Assorted Antiques.
 22373 | D:14     | Bought a scroll of identify for 48 gold pieces
 22373 | D:14     | Bought a potion of haste for 240 gold pieces
 22373 | D:14     | Bought a scroll of identify for 48 gold pieces
 22373 | D:14     | Bought a scroll of remove curse for 72 gold pieces
 22373 | D:14     | Bought a potion of agility for 96 gold pieces
 22373 | D:14     | Bought a scroll labeled LEGUL GESTUOM for 24 gold pieces
 22429 | D:15     | Entered Level 15 of the Dungeon
 22788 | D:15     | Found Ajuwkubb's Assorted Antiques.
 22796 | D:15     | Bought a scroll of magic mapping for 91 gold pieces
 22796 | D:15     | Bought a scroll of identify for 52 gold pieces
 22796 | D:15     | Bought a ring of dexterity for 52 gold pieces
 22869 | D:15     | Found a staircase to the Depths.
 23684 | Orc:1    | Entered Level 1 of the Orcish Mines
 23689 | Orc:1    | Noticed Urug
 23702 | Orc:1    | Killed Urug
 23714 | Orc:1    | Noticed Erica
 23722 | Orc:1    | Killed Erica
 23745 | Orc:1    | Received a gift from Trog
 23952 | Orc:2    | Entered Level 2 of the Orcish Mines
 23965 | Orc:2    | Found Ymup's Food Shop.
 24142 | Orc:2    | Noticed Josephine
 24149 | Orc:2    | Killed Josephine
 24149 | Orc:2    | Reached skill level 15 in Axes
 24252 | Orc:2    | Found a roughly hewn altar of Beogh.
 24306 | Orc:2    | Found a roughly hewn altar of Beogh.
 24417 | Orc:2    | Found a roughly hewn altar of Beogh.
 24452 | Orc:2    | Found a roughly hewn altar of Beogh.
 24453 | Orc:2    | Found Uckyecle's Book Boutique.
 24524 | Orc:2    | Found a staircase to the Elven Halls.
 24583 | Orc:2    | Paralysed by an orc sorcerer for 2 turns
 24626 | Orc:2    | Noticed Saint Roka
 24634 | Orc:2    | Found Demmeon's Antique Armour Shoppe.
 24639 | Orc:2    | Killed from afar by Saint Roka

Skill      XL: |  1  2  3  4  5  6  7  8  9 10 11 12 13 14 15 16 |
---------------+-------------------------------------------------+-----
Axes           | 3 4 5 6 7 9 10 11 12 13 14 15 | 15.1
Dodging        | 2 3 4 5 6 7 9 10 11 12 13 | 13.9
Fighting       | 4 5 6 7 8 9 10 12 14 | 14.9
Armour         | 3 4 5 6 7 8 9 10 11 12 13 | 13.3
Stealth        | 2 |  2.0
Evocations     | 2 3 5 |  5.0

Action                   |  1- 3 |  4- 6 |  7- 9 | 10-12 | 13-15 | 16-18 || total
-------------------------+-------+-------+-------+-------+-------+-------++-------
Melee: Hand axe          |    63 |   279 |   325 |       |       |       ||   667
       War axe           |       |       |   200 |   191 |       |       ||   391
       Dagger            |       |       |    22 |       |       |       ||    22
       Battleaxe         |       |       |       |   517 |   916 |   340 ||  1773
       Executioner's axe |       |       |       |     6 |     2 |       ||     8
Throw: Throwing net      |       |       |     1 |     1 |     2 |     2 ||     6
Invok: Berserk           |     3 |     2 |     2 |     9 |     6 |     1 ||    23
       Trog's Hand       |       |     2 |     2 |     5 |     7 |       ||    16
       Brothers in Arms  |       |       |       |     1 |       |       ||     1
 Abil: Fly               |       |       |       |       |     1 |       ||     1
Evoke: Wand              |       |       |       |       |       |     5 ||     5
  Use: Scroll            |     2 |       |     7 |    17 |    10 |     2 ||    38
       Potion            |       |       |       |     2 |     2 |       ||     4
 Stab: Held in net/web   |       |       |       |     1 |     1 |       ||     2
       Sleeping          |       |       |       |     1 |       |       ||     1
       Distracted        |       |       |       |       |       |     1 ||     1
       Paralysed         |       |       |       |       |       |     1 ||     1
  Eat: Chunk             |     2 |     9 |    10 |    24 |    29 |    12 ||    86
       Ration            |       |     1 |     1 |     2 |     1 |     1 ||     6
Armor: Animal skin       |    28 |    51 |       |       |       |       ||    79
       Chain mail        |       |   148 |   360 |    93 |       |       ||   601
       Steam dragon scal |       |       |       |   162 |       |       ||   162
       Scale mail        |       |       |       |   183 |   509 |       ||   692
       Ring mail         |       |       |       |       |   153 |   215 ||   368
Dodge: Dodged            |    43 |   156 |   292 |   566 |   958 |   339 ||  2354
